 Dungeon Crawl Stone Soup version 0.28.0 (webtiles) character file.

Game seed: 4581339839534463064

1202 Minsecho the Chiller (level 8, -10/56 HPs)
             Began as a Merfolk Ice Elementalist on Feb 6, 2022.
             Was a Follower of Sif Muna.
             Mangled by Menkaure (19 damage)
             ... on level 5 of the Dungeon.
             The game lasted 00:07:34 (6219 turns).

Minsecho the Chiller (Merfolk Ice Elementalist)     Turns: 6219, Time: 00:07:35

Health: -10/56     AC: 13    Str:  6    XL:     8   Next: 44%
Magic:  9/16       EV: 14    Int: 20    God:    Sif Muna [*.....]
Gold:   175        SH:  0    Dex: 15    Spells: 10/17 levels left

rFire   + + +      SeeInvis .   v - +0 spear
rCold   + . .      Faith    .   (no shield)
rNeg    . . .      Spirit   .   B - +1 robe {rF+}
rPois   .          Reflect  .   r - +0 helmet
rElec   .          Harm     .   (no cloak)
rCorr   .          Rampage  .   p - +0 pair of gloves
Will    .....                   (no boots)
Stlth   +.........              (no amulet)
HPRegen 0.18/turn               l - ring "Xisuy" {rF+++ rC+ Str-4 Int+6 Stlth-}
MPRegen 0.15/turn               (no ring)

@: ice-armoured, freezing walls, invisible
A: (nimble swimmer 2), mertail
a: Renounce Religion, Channel Magic


You were on level 5 of the Dungeon.
You worshipped Sif Muna.
Sif Muna was aware of your devotion.
You visited 1 branch of the dungeon, and saw 5 of its levels.

You collected 175 gold pieces.

Inventory:

Hand Weapons
 j - a +0 dagger
 v - a +0 spear (weapon)
Armour
 a - a +0 robe
 f - a +0 leather armour
 p - a +0 pair of gloves (worn)
 r - a +0 helmet (worn)
 B - a +1 robe of fire resistance (worn)
Jewellery
 l - the ring "Xisuy" (left hand) {rF+++ rC+ Str-4 Int+6 Stlth-}
   (You found it on level 2 of the Dungeon)

   [ring of intelligence]

   Str:       It affects your strength (-4).
   Int:       It affects your intelligence (+6).
   rF:        It renders you almost immune to fire.
   rC:        It protects you from cold.
   Stlth:     It makes you less stealthy.
 n - an amulet of guardian spirit
 q - a ring of protection from fire
 w - a ring of resist corrosion
Wands
 g - a wand of flame (52)
Scrolls
 b - 2 scrolls of blinking {unknown}
 c - 2 scrolls of teleportation {unknown}
 d - a scroll of holy word {unknown}
 h - 5 scrolls of identify {unknown}
 m - a scroll of torment {unknown}
 o - 2 scrolls of silence {unknown}
 s - 3 scrolls of magic mapping {unknown}
 t - 2 scrolls of vulnerability {unknown}
 u - a scroll of enchant armour {unknown}
 y - a scroll of fog {unknown}
 A - a scroll of noise {unknown}
Potions
 e - a potion of invisibility
 i - a potion of brilliance {unknown}
 k - 2 potions of attraction {unknown}
 x - a potion of lignification {unknown}
 z - a potion of heal wounds {unknown}
 C - a potion of resistance {unknown}
 D - a potion of haste {unknown}
 E - a potion of berserk rage {unknown}
 F - a potion of cancellation {unknown}


   Skills:
 + Level 1.8 Fighting
 - Level 1.1 Short Blades
 + Level 4.0 Polearms
 + Level 1.7 Armour
 + Level 4.4 Dodging
 + Level 3.1 Stealth
 + Level 5.4 Spellcasting
 + Level 7.6 Ice Magic
 + Level 0.1 Evocations


You had 10 spell levels left.
You knew the following spells:

 Your Spells              Type           Power      Damage    Failure   Level
a - Freeze                Ice            100%       1d11      1%          1
b - Frozen Ramparts       Ice            70%        1d9       1%          3
c - Ozocubu's Armour      Ice            35%        N/A       1%          3

Your spell library contained the following spells:

 Spells                   Type           Power      Damage    Failure   Level
 Hailstorm                Conj/Ice       20%        3d6       22%         4


Dungeon Overview and Level Annotations

Branches:
Dungeon (5/15)             Temple (0/1) D:5

Altars:
Ashenzari
Dithmenos
Sif Muna
Uskayaw
Wu Jian
Yredelemnul

Annotations:
D:5 Menkaure


Innate Abilities, Weirdness & Mutations

((You are very nimble when in or above water. (Stealth+, EV+, Speed+++)))
Your lower body shifts to a powerful aquatic tail in water.


Message History

The orc closely misses you.
You hit the orc.
You kill the orc!
Sif Muna accepts your kill.
Menkaure calls on the powers of darkness!
Your body is wracked with pain!
Press: ? - help, v - describe, . - travel, g - get item
Here: Menkaure (fast)
Items here: a +0 club; a +0 ring mail.
The floor.
Casting: Ozocubu's Armour (safe; 1% risk of failure)
Confirm with . or Enter, or press ? or * to list all spells.
Casting: Frozen Ramparts (safe; 1% risk of failure)
Press: ? - help, Dir - look around, f - activate The walls around you are covered in ice.
Menkaure completely resists.
The wall freezes Menkaure but does no damage.
Unknown command.
You hit Menkaure but do no damage.
Menkaure resists.
The wall freezes Menkaure.
Menkaure calls on the powers of darkness!
Your body is wracked with pain!
* * * LOW HITPOINT WARNING * * *
You hit Menkaure.
Menkaure is lightly damaged.
Menkaure resists.
The wall freezes Menkaure.
Menkaure barely misses you.
Aiming: Throw Flame
Press: ? - help, Shift-Dir - straight line, f - Menkaure
Aim: Menkaure (moderately damaged, fast, 85% to hit)
The puff of flame hits Menkaure!
Menkaure is burned terribly!
Menkaure is severely damaged.
Menkaure resists.
The wall freezes Menkaure.
Menkaure calls on the powers of darkness!
Your body is wracked with pain!
* * * LOW HITPOINT WARNING * * *
It was a potion of invisibility.
You fade into invisibility!
Menkaure completely resists.
The wall freezes Menkaure but does no damage.
Menkaure hits you!!
You die...

## .. .# .### #.#####
... #.....# )) #.....#
#) #.....#
#.#M####.....#
#..)@..#.....#
#...#).......########
........................
....#..#..#..##.###...##
..........#..##.# #...#
.....#..#.#..<..###...#
+ +####.#.#..##.......#
#...#..##.......#
##..#..##.......#


You could see Menkaure (fast).

Vanquished Creatures
  Sigmund (D:5)
  3 ogres
  3 scorpions
  A bullfrog zombie (D:5)
  A centaur zombie (D:5)
  3 hounds
  2 orc priests
  A bullfrog skeleton (D:5)
  3 iguanas
  Ijyb (D:3)
  2 orc wizards
  A hound skeleton (D:4)
  Robin (D:3)
  6 gnolls
  4 adders
  2 ufetubi
  2 adder skeletons
  A worm (D:3)
  12 orcs
  6 bats
  3 endoplasms
  2 giant cockroaches
  12 goblins
  6 hobgoblins
  4 jackals (D:3)
  4 kobolds
  2 quokkas
  5 ball pythons
  3 frilled lizards
  2 rats
99 creatures vanquished.

Notes
Turn   | Place    | Note
-------+----------+-------------------------------------------
     0 | D:1      | Minsecho the Merfolk Ice Elementalist began the quest for
                  | the Orb.
     0 | D:1      | Reached XP level 1. HP: 13/13 MP: 3/3
    65 | D:1      | Reached XP level 2. HP: 5/19 MP: 0/5
   915 | D:2      | Reached skill level 5 in Ice Magic
   915 | D:2      | Reached XP level 3. HP: 23/24 MP: 2/6
  1904 | D:2      | Identified the ring "Xisuy" {rF+++ rC+ Str-4 Int+6 Stlth-}
  2192 | D:3      | Found a faded altar of an unknown god.
  2456 | D:3      | Noticed Ijyb
  2463 | D:3      | Reached XP level 4. HP: 30/30 MP: 3/7
  2467 | D:3      | Killed Ijyb
  2784 | D:3      | Found a shimmering blue altar of Sif Muna.
  2785 | D:3      | Noticed Robin
  2792 | D:3      | Learned a level 3 spell: Frozen Ramparts
  2845 | D:3      | Killed Robin
  2846 | D:3      | Reached skill level 1 in Short Blades
  2846 | D:3      | Reached XP level 5. HP: 34/35 MP: 1/9
  2855 | D:3      | Became a worshipper of Sif Muna the Loreminder
  3589 | D:4      | Reached skill level 6 in Ice Magic
  3589 | D:4      | Reached XP level 6. HP: 34/42 MP: 7/11
  4017 | D:4      | Learned a level 3 spell: Ozocubu's Armour
  4214 | D:4      | Reached skill level 1 in Armour
  4525 | D:4      | Reached skill level 1 in Polearms
  4525 | D:4      | Reached XP level 7. HP: 32/47 MP: 6/13
  4527 | D:4      | Reached skill level 1 in Fighting
  4985 | D:5      | Entered Level 5 of the Dungeon
  4986 | D:5      | Noticed Menkaure
  5052 | D:5      | Found a staircase to the Ecumenical Temple.
  5304 | D:5      | Found a shadowy altar of Dithmenos.
  5321 | D:5      | Reached * piety under Sif Muna
  5378 | D:5      | Noticed Sigmund
  5390 | D:5      | Killed Sigmund
  5391 | D:5      | Reached skill level 5 in Spellcasting
  5391 | D:5      | Reached skill level 7 in Ice Magic
  5391 | D:5      | Reached XP level 8. HP: 46/54 MP: 9/15
  5922 | D:5      | Found a hide-covered altar of Uskayaw.
  5927 | D:5      | Found an ornate altar of the Wu Jian Council.
  5930 | D:5      | Found a broken altar of Ashenzari.
  5933 | D:5      | Found a basalt altar of Yredelemnul.
  6219 | D:5      | Mangled by Menkaure

Illustrated notes

Levels and vault maps discovered:
D:1:      scummos_arrival_forest, layout_rooms, minmay_pentomino_u4
D:2:      layout_rooms
D:3:      layout_loops_ring, nicolae_sif_muna_condensation,
          ebering_ecumenical_altar_rust, uniq_robin, uniq_ijyb
D:4:      layout_layer_cave, item_on_display_a
D:5:      layout_basic, nicolae_vehumet_altar_sigil, old_standard_altar,
          grunt_temple_overflow_cloverleaf, minmay_temple_entry_wispy,
          uniq_menkaure, uniq_sigmund

Skill      XL: |  1  2  3  4  5  6  7  8 |
---------------+-------------------------+-----
Dodging        | 3 4 |  4.4
Ice Magic      | 5 6 7 |  7.6
Spellcasting   | 3 4 5 |  5.4
Short Blades   | 1 |  1.1
Armour         | 1 |  1.7
Polearms       | 1 3 4 |  4.0
Fighting       | 1 |  1.8
Stealth        | 3 |  3.1
Evocations     | |  0.1

Action                   |  1- 3 |  4- 6 |  7- 9 || total
-------------------------+-------+-------+-------++-------
Melee: Unarmed           |    47 |       |       ||    47
       Punch             |     1 |       |     3 ||     4
       Dagger            |    19 |    32 |       ||    51
       Spear             |       |    24 |    97 ||   121
 Cast: Freeze            |    49 |    47 |    20 ||   116
       Frozen Ramparts   |       |     5 |     6 ||    11
       Ozocubu's Armour  |       |     1 |     3 ||     4
Evoke: Wand              |     1 |       |     1 ||     2
  Use: Potion            |       |       |     1 ||     1
 Stab: Sleeping          |     2 |       |     1 ||     3
Armor: Robe              |    26 |       |    14 ||    40
       Leather armour    |    10 |    26 |    22 ||    58
Dodge: Dodged            |    85 |    53 |    93 ||   231
